 Dungeon Crawl Stone Soup version 0.23-a0-481-g60b89c1 (webtiles) character file.

65 galech the Skirmisher (level 3, -4/29 HPs)
             Began as a Demonspawn Fighter on Nov 29, 2018.
             Slain by Sigmund
             ... wielding a +0 scythe
              (5 damage)
             ... on level 2 of the Dungeon.
             The game lasted 00:01:34 (1631 turns).

galech the Skirmisher (Demonspawn Fighter)          Turns: 1631, Time: 00:01:34

Health: -4/29      AC: 12    Str: 21    XL:     3   Next: 92%
Magic:  3/3        EV:  5    Int:  9    God:
Gold:   68         SH:  0    Dex: 13    Spells: 2/2 levels left

rFire    . . .     SeeInvis .   a - +0 war axe
rCold    . . .     Gourm    .   c - +0 shield
rNeg     . . .     Faith    .   j - +0 chain mail
rPois    .         Spirit   .   (no helmet)
rElec    .         Reflect  .   (no cloak)
rCorr    .         Harm     .   (no gloves)
MR       .....                  m - +0 pair of boots
Stlth    ..........             (no amulet)
HPRegen  0.09/turn              (no ring)
MPRegen  0.08/turn              (no ring)

@: confused, mighty
A: iridescent scales 1
a: no special abilities


You were on level 2 of the Dungeon.
You were hungry.

You visited 1 branch of the dungeon, and saw 2 of its levels.

You collected 68 gold pieces.

Inventory:

Hand Weapons
 a - a +0 war axe (weapon)
Armour
 c - a +0 shield (worn)
 j - a +0 chain mail (worn)
 m - a +0 pair of boots (worn)
Scrolls
 e - a scroll of enchant armour {unknown}
 g - a scroll of amnesia {unknown}
 n - a scroll of identify {unknown}
Potions
 b - a potion of haste {unknown}
 d - 2 potions of might
 h - a potion of curing {unknown}
 i - a potion of lignification {unknown}
 k - a potion of flight {unknown}
 l - 4 potions of brilliance {unknown}
 o - 2 potions of agility {unknown}
Comestibles
 f - 7 rations


   Skills:
 + Level 3.5 Fighting
 + Level 2.5 Axes
 + Level 3.1 Armour
 + Level 0.5 Dodging
 + Level 3.0 Shields


You had 2 spell levels left.
You didn't know any spells.
Your spell library was empty.

Dungeon Overview and Level Annotations

Branches:
Dungeon (2/15)

Altars:

Annotations:
D:2 Sigmund


Innate Abilities, Weirdness & Mutations

You are partially covered in iridescent scales. (AC +2)


Message History

You feel less confused. Something hits you but does no damage.
You closely miss something. Something hits you!
* * * LOW HITPOINT WARNING * * *
You hit something.
You hear some strange, mumbled words.
You are confused.
You closely miss something.
You hear some strange, mumbled words.
A magic dart appears from out of thin air!
The magic dart hits you! Something hits you.
* * * LOW HITPOINT WARNING * * *
You miss something.
Your shield and chain mail prevent you from hitting something.
Something hits you but does no damage.
You bump into the rock wall.
You hear some strange, mumbled words.
You are more confused.
You bump into the rock wall.
Something hits you.
You die...

##### ....# ###########
....# .......... ....#
#.....# ....# #@{...#
....## #.....#
.....###########.....##
..........................
(.........................
#....#####################
'....)..# #....##.#
#######.#


There were no monsters in sight!

Vanquished Creatures
  2 adders (D:2)
  3 dart slugs (D:1)
  3 bats
  3 giant cockroaches
  7 goblins (D:1)
  6 hobgoblins
  6 kobolds
  3 frilled lizards (D:1)
  6 rats
39 creatures vanquished.

Notes
Turn   | Place    | Note
-------+----------+-------------------------------------------
     0 | D:1      | galech the Demonspawn Fighter began the quest for the Orb.
     0 | D:1      | Reached XP level 1. HP: 18/18 MP: 1/1
   204 | D:1      | Gained mutation: You are partially covered in iridescent
                  | scales. (AC +2) [demonic ancestry]
   204 | D:1      | Reached XP level 2. HP: 19/24 MP: 2/2
   651 | D:1      | Reached XP level 3. HP: 24/29 MP: 3/3
  1599 | D:2      | Noticed Sigmund
  1627 | D:2      | HP: 1/29 [something (1)]
  1631 | D:2      | Slain by Sigmund

Vault maps used:
D:1:      lightli_arrival_noodles, hangedman_decor_growths
D:2:      uniq_sigmund

Skill      XL: |  1  2  3 |
---------------+----------+-----
Armour         | 3 |  3.1
Axes           | 2 |  2.5
Shields        | 3 |  3.0
Fighting       | |  3.5
Dodging        | |  0.5

Action                   || total
-------------------------++-------
Melee: War axe           ||   160
  Use: Potion            ||     1
  Eat: Chunk             ||     2
Armor: Scale mail        ||     8
       Chain mail        ||    97
Dodge: Dodged            ||    45
Block: Shield            ||    69

Table legend:
 A = Non-vault XP
 B = Vault XP
 C = Vault XP percentage of total XP
 D = Non-vault monster count
 E = Vault monster count
 F = Vault count percentage of total count
                 A         B        C        D         E       F
            +---------+---------+-------+---------+---------+-------
      Total |      93 |       0 |   0.0 |      39 |       0 |   0.0
            +---------+---------+-------+---------+---------+-------
        D:1 |      55 |       0 |   0.0 |      30 |       0 |   0.0
        D:2 |      38 |       0 |   0.0 |       9 |       0 |   0.0
            +---------+---------+-------+---------+---------+-------
